[ PARTIDA AOE2 · #476251031 ]
UnrankedRomanos vs Britons
[ ANÁLISIS DE REPETICIÓN · EXTRAÍDO DE LA PARTIDA GRABADA ]
Feudal
7:11
Castillos
10:58
Imperial
24:47
| APM promedio | 30.4 |
| APM pico | 80 |
| eAPM promedio | 19.4 |
| Aldeanos / militares | 147 / 130 |
Foco
⚔️ 26.1% · 🌾 73.9%
Scorpion ×101 · Monk ×11 · Battering Ram ×9 · Trebuchet (Packed) ×5 · Petard ×2 · Mangonel ×2
Feudal
7:36
Castillos
11:10
Imperial
22:51
| APM promedio | 57.2 |
| APM pico | 94 |
| eAPM promedio | 32.1 |
| Aldeanos / militares | 145 / 456 |
Foco
⚔️ 47.5% · 🌾 52.5%
Archer ×252 · Spearman ×181 · Trade Cart ×38 · Trebuchet (Packed) ×15 · Petard ×4 · Monk ×2
Feudal
6:46
Castillos
10:18
Imperial
24:08
| APM promedio | 40.9 |
| APM pico | 73 |
| eAPM promedio | 20.3 |
| Aldeanos / militares | 188 / 367 |
Foco
⚔️ 42.7% · 🌾 57.3%
Mangudai ×226 · Scout Cavalry ×136 · Trade Cart ×43 · Trebuchet (Packed) ×4 · Petard ×1
Feudal
6:46
Castillos
10:33
Imperial
26:00
| APM promedio | 69.7 |
| APM pico | 137 |
| eAPM promedio | 39.9 |
| Aldeanos / militares | 228 / 405 |
Foco
⚔️ 43.6% · 🌾 56.4%
Spearman ×270 · Boyar ×76 · Mangonel ×32 · Trade Cart ×30 · Battering Ram ×25 · Petard ×2
Feudal
8:03
Castillos
11:33
Imperial
26:50
| APM promedio | 56.0 |
| APM pico | 103 |
| eAPM promedio | 35.7 |
| Aldeanos / militares | 199 / 575 |
Foco
⚔️ 52.6% · 🌾 47.4%
Scout Cavalry ×387 · Arambai ×180 · Trade Cart ×53 · Trebuchet (Packed) ×4 · Monk ×2 · Militia ×2
Feudal
8:31
Castillos
12:03
Imperial
24:45
| APM promedio | 44.9 |
| APM pico | 123 |
| eAPM promedio | 29.8 |
| Aldeanos / militares | 129 / 457 |
Foco
⚔️ 37.6% · 🌾 62.4%
Coustillier ×453 · Trade Cart ×127 · Monk ×2 · Scout Cavalry ×2
Feudal
7:37
Castillos
11:57
Imperial
24:23
| APM promedio | 59.3 |
| APM pico | 129 |
| eAPM promedio | 34.2 |
| Aldeanos / militares | 195 / 196 |
Foco
⚔️ 29.2% · 🌾 70.8%
Skirmisher ×85 · War Wagon ×66 · Iron Pagoda ×35 · Trade Cart ×24 · Trebuchet (Packed) ×10
Feudal
7:36
Castillos
11:19
Imperial
27:02
| APM promedio | 55.7 |
| APM pico | 100 |
| eAPM promedio | 31.0 |
| Aldeanos / militares | 199 / 134 |
Foco
⚔️ 27.3% · 🌾 72.7%
Hussite Wagon ×119 · Trade Cart ×80 · Trebuchet (Packed) ×10 · Bombard Cannon ×4 · Monk ×1
Mapa de la partida
Recursos iniciales + cada clic de construcción. Líneas = muros · curvas = relieve. ◆ oro · ⬟ piedra · ● bayas · ✦ reliquia · ◌ hueco del cierre
Tu base· ✓ Cerrada en 10:58 · 0t muro · 8 puerta(s)
Base de happikon.6139· ✓ Cerrada en 11:10 · 0t muro · 9 puerta(s)
Base de hanson013· ✓ Cerrada en 10:18 · 0t muro · 5 puerta(s)
Base de Rito· ✓ Cerrada en 10:33 · 0t muro · 8 puerta(s)
Base de Kevin10_7414· ✓ Cerrada en 11:33 · 0t muro · 8 puerta(s)
Base de toyoruku· ✓ Cerrada en 12:03 · 0t muro · 7 puerta(s)
Base de sci621· ✓ Cerrada en 11:57 · 0t muro · 4 puerta(s)
Base de Eddie29_1314· ✓ Cerrada en 11:19 · 0t muro · 6 puerta(s)
Terreno inicial suavizado · ◌ = hueco del cierre detectado · pasá el cursor para detalles
Inputs por minuto
— 機會同學 - - happikon.6139
Build order — 機會同學
Primeras 150 de 303 acciones detectadas
| 0:01 | Crear | Villager (Male) |
| 0:06 | Construir | Lumber Camp |
| 0:08 | Construir | Mill |
| 0:09 | Crear | Villager (Male) |
| 0:10 | Crear | Villager (Male) |
| 0:16 | Crear | Villager (Male) |
| 0:54 | Crear | Villager (Male) |
| 1:51 | Crear | Villager (Male) |
| 1:52 | Crear | Villager (Male) |
| 2:32 | Crear | Villager (Male) |
| 3:01 | Construir | Lumber Camp |
| 3:04 | Crear | Villager (Male) |
| 3:16 | Crear | Villager (Male) |
| 3:31 | Crear | Villager (Male) |
| 3:58 | Crear | Villager (Male) |
| 4:29 | Construir | Farm |
| 4:34 | Crear | Villager (Male) |
| 4:38 | Construir | Mining Camp |
| 5:01 | Investigar | Feudal Age |
| 5:06 | Construir | Farm |
| 5:45 | Crear | Villager (Male) |
| 5:57 | Construir | Farm |
| 7:11 | Edad | Edad Feudal |
| 7:12 | Construir | Market |
| 7:16 | Construir | Blacksmith |
| 7:33 | Crear | Villager (Male) |
| 7:38 | Construir | Farm |
| 8:18 | Investigar | Castle Age |
| 8:43 | Investigar | Horse Collar |
| 9:53 | Investigar | Double-Bit Axe |
| 10:35 | Crear | Villager (Male) |
| 10:51 | Crear | Villager (Male) |
| 10:54 | Construir | House |
| 10:58 | Edad | Edad de los Castillos |
| 11:04 | Construir | Town Center |
| 11:07 | Investigar | Bow Saw |
| 11:09 | Investigar | Heavy Plow |
| 11:16 | Crear | Villager (Male) |
| 11:29 | Construir | House |
| 11:31 | Construir | House |
| 11:52 | Crear | Villager (Male) ×4 |
| 11:52 | Crear | Villager (Male) ×4 |
| 11:58 | Construir | House |
| 12:02 | Construir | House |
| 12:28 | Crear | Villager (Male) ×4 |
| 12:44 | Construir | Town Center |
| 13:00 | Crear | Villager (Male) ×2 |
| 13:00 | Crear | Villager (Male) ×2 |
| 13:14 | Construir | Farm |
| 13:22 | Construir | Farm |
| 13:27 | Crear | Villager (Male) |
| 13:42 | Crear | Villager (Male) |
| 13:47 | Construir | Farm |
| 14:01 | Construir | House |
| 14:02 | Construir | House |
| 14:04 | Crear | Villager (Male) |
| 14:17 | Construir | Farm |
| 14:18 | Construir | Farm |
| 14:19 | Construir | Farm |
| 14:25 | Construir | House |
| 14:26 | Construir | House |
| 14:35 | Crear | Villager (Male) |
| 14:38 | Construir | Farm |
| 14:41 | Construir | Farm |
| 14:44 | Crear | Villager (Male) |
| 14:50 | Crear | Villager (Male) ×2 |
| 14:57 | Construir | House |
| 14:58 | Construir | House |
| 14:59 | Construir | House |
| 15:01 | Crear | Villager (Male) |
| 15:11 | Construir | Farm |
| 15:13 | Construir | Farm |
| 15:16 | Crear | Villager (Male) |
| 15:16 | Crear | Villager (Male) |
| 15:24 | Construir | House |
| 15:25 | Construir | House |
| 15:28 | Crear | Villager (Male) |
| 15:40 | Construir | Farm |
| 15:41 | Construir | Farm |
| 15:43 | Crear | Villager (Male) |
| 15:50 | Construir | Town Center |
| 15:57 | Crear | Villager (Male) |
| 16:01 | Crear | Villager (Male) |
| 16:18 | Crear | Villager (Male) |
| 16:22 | Construir | Monastery |
| 16:24 | Crear | Villager (Male) |
| 16:28 | Construir | Farm |
| 16:35 | Crear | Villager (Male) ×2 |
| 16:36 | Crear | Villager (Male) ×2 |
| 16:45 | Construir | Farm |
| 16:46 | Construir | Farm |
| 16:48 | Construir | Farm |
| 16:54 | Crear | Villager (Male) ×2 |
| 17:04 | Crear | Monk |
| 17:11 | Construir | House |
| 17:15 | Crear | Villager (Male) ×3 |
| 17:16 | Crear | Villager (Male) ×3 |
| 17:26 | Construir | Farm |
| 17:30 | Crear | Villager (Male) |
| 17:37 | Construir | Farm |
| 17:39 | Construir | Farm |
| 17:40 | Construir | Farm |
| 17:41 | Construir | Farm |
| 17:44 | Construir | Farm |
| 17:47 | Crear | Villager (Male) ×3 |
| 18:04 | Crear | Villager (Male) ×2 |
| 18:04 | Crear | Villager (Male) ×2 |
| 18:14 | Construir | Farm |
| 18:15 | Construir | Farm |
| 18:15 | Construir | Farm |
| 18:16 | Construir | Farm |
| 18:16 | Construir | Farm |
| 18:16 | Construir | Farm |
| 18:17 | Construir | Farm |
| 18:17 | Construir | Farm |
| 18:19 | Crear | Villager (Male) ×2 |
| 18:20 | Crear | Villager (Male) ×2 |
| 18:28 | Crear | Monk |
| 18:37 | Crear | Villager (Male) ×4 |
| 18:45 | Construir | Mining Camp |
| 18:55 | Investigar | Gold Mining |
| 18:57 | Crear | Villager (Male) |
| 18:57 | Crear | Villager (Male) |
| 19:00 | Crear | Villager (Male) |
| 19:17 | Crear | Villager (Male) ×3 |
| 19:22 | Construir | Farm |
| 19:23 | Construir | Farm |
| 19:23 | Construir | Farm |
| 19:23 | Construir | Farm |
| 19:24 | Construir | Farm |
| 19:24 | Construir | Farm |
| 19:28 | Crear | Villager (Male) |
| 19:28 | Crear | Villager (Male) |
| 19:42 | Crear | Villager (Male) ×3 |
| 20:14 | Crear | Villager (Male) |
| 20:14 | Crear | Villager (Male) |
| 20:18 | Construir | Siege Workshop |
| 20:20 | Construir | Siege Workshop |
| 20:34 | Crear | Villager (Male) |
| 20:45 | Crear | Villager (Male) |
| 20:45 | Crear | Villager (Male) |
| 20:46 | Crear | Villager (Male) |
| 20:52 | Construir | Mining Camp |
| 21:09 | Crear | Villager (Male) |
| 21:13 | Construir | Siege Workshop |
| 21:15 | Construir | Siege Workshop |
| 21:37 | Investigar | Imperial Age |
| 21:37 | Investigar | Imperial Age |
| 21:44 | Crear | Petard |
| 21:50 | Crear | Petard |
Build order — happikon.6139
Primeras 150 de 578 acciones detectadas
| 0:01 | Crear | Villager (Male) |
| 0:01 | Crear | Villager (Male) |
| 0:04 | Construir | Mill |
| 0:11 | Construir | Lumber Camp |
| 0:17 | Crear | Villager (Male) |
| 0:26 | Crear | Villager (Male) |
| 1:18 | Crear | Villager (Male) |
| 1:18 | Crear | Villager (Male) |
| 1:51 | Crear | Villager (Male) |
| 2:13 | Crear | Villager (Male) |
| 2:33 | Crear | Villager (Male) |
| 2:51 | Crear | Villager (Male) |
| 3:29 | Construir | Mining Camp |
| 4:06 | Crear | Villager (Male) |
| 4:06 | Crear | Villager (Male) |
| 4:38 | Crear | Villager (Male) |
| 4:43 | Construir | Farm |
| 4:50 | Investigar | Feudal Age |
| 6:24 | Crear | Villager (Male) |
| 7:36 | Edad | Edad Feudal |
| 7:37 | Construir | Market |
| 7:41 | Construir | Blacksmith |
| 8:06 | Crear | Villager (Male) |
| 8:25 | Investigar | Castle Age |
| 8:25 | Investigar | Castle Age |
| 8:58 | Investigar | Horse Collar |
| 9:15 | Investigar | Double-Bit Axe |
| 9:47 | Construir | Farm |
| 9:49 | Construir | Farm |
| 10:56 | Crear | Villager (Male) |
| 11:10 | Edad | Edad de los Castillos |
| 11:12 | Construir | Town Center |
| 11:17 | Construir | Town Center |
| 11:24 | Investigar | Bow Saw |
| 11:29 | Crear | Villager (Male) |
| 11:40 | Crear | Villager (Male) |
| 11:41 | Construir | Farm |
| 11:49 | Crear | Villager (Male) |
| 11:51 | Construir | Farm |
| 11:54 | Construir | Farm |
| 11:56 | Construir | Farm |
| 12:19 | Construir | Farm |
| 12:37 | Crear | Villager (Male) |
| 12:37 | Crear | Villager (Male) |
| 12:39 | Construir | Farm |
| 12:43 | Crear | Villager (Male) |
| 12:43 | Crear | Villager (Male) |
| 12:52 | Crear | Villager (Male) |
| 12:52 | Crear | Villager (Male) |
| 13:08 | Construir | Farm |
| 13:10 | Investigar | Loom |
| 13:13 | Crear | Villager (Male) |
| 13:17 | Construir | Farm |
| 13:21 | Crear | Villager (Male) |
| 13:22 | Crear | Villager (Male) |
| 13:37 | Crear | Villager (Male) |
| 13:49 | Crear | Villager (Male) |
| 13:49 | Crear | Villager (Male) |
| 13:50 | Construir | Farm |
| 13:52 | Construir | Farm |
| 13:53 | Crear | Villager (Male) |
| 13:53 | Crear | Villager (Male) |
| 13:56 | Construir | Farm |
| 14:01 | Construir | Monastery |
| 14:06 | Construir | House |
| 14:09 | Crear | Villager (Male) |
| 14:13 | Construir | Farm |
| 14:21 | Crear | Villager (Male) |
| 14:21 | Crear | Villager (Male) |
| 14:23 | Crear | Villager (Male) |
| 14:23 | Crear | Villager (Male) |
| 14:28 | Construir | Farm |
| 14:41 | Crear | Villager (Male) |
| 14:47 | Crear | Villager (Male) |
| 14:47 | Crear | Villager (Male) |
| 14:49 | Construir | Farm |
| 14:50 | Construir | Farm |
| 14:52 | Construir | Farm |
| 14:55 | Crear | Villager (Male) |
| 15:02 | Crear | Monk |
| 15:08 | Crear | Villager (Male) |
| 15:11 | Crear | Villager (Male) |
| 15:15 | Construir | Farm |
| 15:18 | Construir | House |
| 15:20 | Construir | House |
| 15:21 | Crear | Villager (Male) |
| 15:26 | Crear | Villager (Male) |
| 15:37 | Construir | Farm |
| 15:42 | Crear | Villager (Male) |
| 15:43 | Crear | Villager (Male) |
| 15:54 | Crear | Monk |
| 15:58 | Crear | Villager (Male) |
| 15:58 | Crear | Villager (Male) |
| 15:58 | Crear | Villager (Male) |
| 16:03 | Construir | Archery Range |
| 16:09 | Construir | Archery Range |
| 16:13 | Construir | Archery Range |
| 16:15 | Construir | House |
| 16:17 | Crear | Villager (Male) |
| 16:17 | Crear | Villager (Male) |
| 16:20 | Construir | Farm |
| 16:28 | Crear | Villager (Male) |
| 16:29 | Crear | Villager (Male) |
| 16:42 | Construir | Farm |
| 16:43 | Construir | Farm |
| 16:47 | Investigar | Wheelbarrow |
| 16:48 | Crear | Villager (Male) |
| 16:54 | Crear | Villager (Male) |
| 17:00 | Crear | Villager (Male) |
| 17:08 | Crear | Villager (Male) |
| 17:16 | Construir | University |
| 17:17 | Construir | House |
| 17:19 | Crear | Villager (Male) |
| 17:20 | Crear | Villager (Male) |
| 17:25 | Construir | House |
| 17:26 | Construir | House |
| 17:36 | Construir | Farm |
| 17:54 | Crear | Villager (Male) |
| 17:54 | Crear | Villager (Male) |
| 17:57 | Construir | Archery Range |
| 18:14 | Crear | Villager (Male) |
| 18:14 | Crear | Villager (Male) |
| 18:18 | Construir | Farm |
| 18:24 | Crear | Villager (Male) |
| 18:24 | Crear | Villager (Male) |
| 18:37 | Construir | House |
| 18:39 | Construir | House |
| 18:43 | Construir | Archery Range |
| 18:49 | Construir | Farm |
| 18:57 | Construir | House |
| 18:59 | Crear | Villager (Male) |
| 19:00 | Crear | Villager (Male) |
| 19:00 | Crear | Villager (Male) |
| 19:01 | Crear | Villager (Male) |
| 19:05 | Construir | Mill |
| 19:06 | Construir | Farm |
| 19:07 | Construir | Farm |
| 19:15 | Construir | Farm |
| 19:35 | Construir | House |
| 19:36 | Construir | House |
| 19:42 | Investigar | Imperial Age |
| 19:45 | Construir | House |
| 19:46 | Construir | House |
| 19:49 | Crear | Villager (Male) |
| 19:49 | Crear | Villager (Male) |
| 19:52 | Construir | Archery Range |
| 19:55 | Construir | Mining Camp |
| 19:58 | Crear | Villager (Male) |
| 19:58 | Crear | Villager (Male) |
| 20:06 | Construir | Farm |
Build order — hanson013
Primeras 150 de 416 acciones detectadas
| 0:01 | Crear | Villager (Male) |
| 0:01 | Crear | Villager (Male) |
| 0:08 | Construir | Mill |
| 0:10 | Construir | Lumber Camp |
| 0:23 | Crear | Villager (Male) |
| 0:23 | Crear | Villager (Male) |
| 1:12 | Crear | Villager (Male) |
| 1:12 | Crear | Villager (Male) |
| 1:52 | Crear | Villager (Male) |
| 1:52 | Crear | Villager (Male) |
| 1:58 | Crear | Villager (Male) |
| 1:59 | Crear | Villager (Male) |
| 2:06 | Crear | Villager (Male) |
| 2:07 | Crear | Villager (Male) |
| 2:07 | Crear | Villager (Male) |
| 2:50 | Crear | Villager (Male) |
| 2:50 | Crear | Villager (Male) |
| 2:50 | Crear | Villager (Male) |
| 3:38 | Crear | Villager (Male) |
| 3:47 | Construir | Farm |
| 3:49 | Construir | Farm |
| 4:10 | Investigar | Feudal Age |
| 4:17 | Construir | Mining Camp |
| 5:04 | Crear | Villager (Male) |
| 5:05 | Crear | Villager (Male) |
| 6:46 | Edad | Edad Feudal |
| 6:48 | Construir | Market |
| 6:51 | Construir | Blacksmith |
| 7:38 | Investigar | Castle Age |
| 8:11 | Investigar | Double-Bit Axe |
| 9:08 | Crear | Villager (Male) |
| 9:11 | Investigar | Horse Collar |
| 10:18 | Edad | Edad de los Castillos |
| 10:27 | Construir | Town Center |
| 10:30 | Crear | Villager (Male) |
| 10:38 | Construir | Town Center |
| 11:02 | Crear | Villager (Male) |
| 11:10 | Investigar | Bow Saw |
| 11:28 | Crear | Villager (Male) |
| 11:45 | Construir | Farm |
| 11:49 | Crear | Villager (Male) |
| 11:58 | Crear | Villager (Male) |
| 12:15 | Construir | Farm |
| 12:15 | Crear | Villager (Male) |
| 12:17 | Construir | Farm |
| 12:19 | Construir | Farm |
| 12:21 | Construir | Farm |
| 12:33 | Construir | Farm |
| 12:40 | Crear | Villager (Male) |
| 12:40 | Crear | Villager (Male) |
| 12:44 | Construir | Farm |
| 12:48 | Construir | Farm |
| 13:09 | Crear | Villager (Male) |
| 13:13 | Crear | Villager (Male) |
| 13:18 | Construir | Farm |
| 13:20 | Construir | Farm |
| 13:25 | Crear | Villager (Male) |
| 13:25 | Crear | Villager (Male) |
| 13:42 | Crear | Villager (Male) |
| 13:43 | Crear | Villager (Male) |
| 13:49 | Construir | Farm |
| 13:55 | Construir | Farm |
| 14:03 | Construir | Farm |
| 14:06 | Crear | Villager (Male) |
| 14:07 | Crear | Villager (Male) |
| 14:09 | Crear | Villager (Male) |
| 14:17 | Construir | Farm |
| 14:19 | Crear | Villager (Male) |
| 14:31 | Crear | Villager (Male) |
| 14:31 | Crear | Villager (Male) |
| 14:37 | Crear | Villager (Male) |
| 14:47 | Crear | Villager (Male) |
| 14:47 | Crear | Villager (Male) |
| 14:56 | Crear | Villager (Male) |
| 14:57 | Crear | Villager (Male) |
| 15:05 | Crear | Villager (Male) |
| 15:12 | Construir | Town Center |
| 15:15 | Crear | Villager (Male) |
| 15:25 | Crear | Villager (Male) |
| 15:29 | Construir | Farm |
| 15:34 | Crear | Villager (Male) ×2 |
| 15:34 | Crear | Villager (Male) ×2 |
| 15:45 | Construir | Farm |
| 15:54 | Construir | Farm |
| 15:55 | Construir | Farm |
| 15:57 | Crear | Villager (Male) |
| 16:02 | Crear | Villager (Male) |
| 16:23 | Crear | Villager (Male) ×4 |
| 16:29 | Construir | House |
| 16:29 | Construir | House |
| 16:34 | Crear | Villager (Male) |
| 16:35 | Crear | Villager (Male) ×2 |
| 16:39 | Investigar | Wheelbarrow |
| 16:42 | Construir | Farm |
| 16:42 | Construir | Farm |
| 16:42 | Construir | Farm |
| 16:49 | Crear | Villager (Male) |
| 16:51 | Crear | Villager (Male) ×2 |
| 16:56 | Construir | Farm |
| 16:57 | Construir | Farm |
| 16:59 | Crear | Villager (Male) |
| 17:03 | Construir | Farm |
| 17:04 | Construir | Farm |
| 17:06 | Crear | Villager (Male) |
| 17:06 | Crear | Villager (Male) |
| 17:15 | Crear | Villager (Male) |
| 17:15 | Crear | Villager (Male) |
| 17:22 | Construir | Farm |
| 17:25 | Construir | House |
| 17:26 | Construir | House |
| 17:27 | Construir | House |
| 17:28 | Crear | Villager (Male) ×3 |
| 17:29 | Crear | Villager (Male) ×3 |
| 17:40 | Crear | Villager (Male) |
| 17:40 | Crear | Villager (Male) |
| 17:58 | Construir | Farm |
| 18:01 | Crear | Villager (Male) |
| 18:06 | Construir | House |
| 18:08 | Construir | House |
| 18:09 | Construir | House |
| 18:10 | Crear | Villager (Male) ×4 |
| 18:12 | Investigar | Loom |
| 18:14 | Construir | Farm |
| 18:18 | Crear | Villager (Male) |
| 18:18 | Crear | Villager (Male) |
| 18:23 | Construir | Farm |
| 18:24 | Construir | Farm |
| 18:32 | Crear | Villager (Male) ×4 |
| 18:38 | Crear | Villager (Male) |
| 18:45 | Construir | Farm |
| 18:51 | Construir | University |
| 18:54 | Crear | Villager (Male) ×3 |
| 19:00 | Construir | Farm |
| 19:14 | Construir | House |
| 19:15 | Construir | House |
| 19:17 | Construir | House |
| 19:19 | Crear | Villager (Male) |
| 19:21 | Crear | Villager (Male) |
| 19:25 | Construir | Farm |
| 19:29 | Construir | Farm |
| 19:34 | Construir | Farm |
| 19:36 | Construir | Farm |
| 19:36 | Crear | Villager (Male) |
| 19:42 | Construir | Farm |
| 19:48 | Crear | Villager (Male) |
| 19:49 | Crear | Villager (Male) |
| 19:55 | Construir | House |
| 19:56 | Construir | House |
| 19:57 | Construir | House |
| 19:58 | Construir | House |
Build order — Rito
Primeras 150 de 907 acciones detectadas
| 0:01 | Crear | Villager (Male) |
| 0:01 | Crear | Villager (Male) |
| 0:06 | Construir | Lumber Camp |
| 0:09 | Crear | Villager (Male) |
| 0:09 | Crear | Villager (Male) |
| 0:33 | Construir | Mill |
| 0:44 | Crear | Villager (Male) |
| 0:45 | Crear | Villager (Male) |
| 1:15 | Crear | Villager (Male) |
| 1:34 | Crear | Villager (Male) |
| 1:44 | Construir | Farm |
| 1:57 | Crear | Villager (Male) |
| 2:10 | Crear | Villager (Male) |
| 2:23 | Crear | Villager (Male) |
| 2:23 | Crear | Villager (Male) |
| 2:41 | Crear | Villager (Male) |
| 2:58 | Construir | Farm |
| 3:18 | Crear | Villager (Male) |
| 3:18 | Crear | Villager (Male) |
| 3:19 | Crear | Villager (Male) |
| 3:38 | Crear | Villager (Male) |
| 4:19 | Construir | Mining Camp |
| 4:33 | Investigar | Feudal Age |
| 4:44 | Construir | Farm |
| 5:03 | Crear | Villager (Male) |
| 5:36 | Crear | Villager (Male) |
| 6:46 | Edad | Edad Feudal |
| 6:49 | Construir | Stable |
| 6:55 | Construir | Blacksmith |
| 7:53 | Investigar | Castle Age |
| 8:20 | Investigar | Horse Collar |
| 8:50 | Construir | Mining Camp |
| 8:56 | Construir | Lumber Camp |
| 9:18 | Investigar | Double-Bit Axe |
| 9:18 | Investigar | Double-Bit Axe |
| 9:45 | Crear | Villager (Male) |
| 10:33 | Edad | Edad de los Castillos |
| 10:37 | Construir | Town Center |
| 10:44 | Crear | Villager (Male) |
| 10:46 | Investigar | Heavy Plow |
| 11:26 | Crear | Villager (Male) |
| 11:26 | Crear | Villager (Male) |
| 11:27 | Crear | Villager (Male) |
| 11:27 | Crear | Villager (Male) |
| 11:53 | Investigar | Bow Saw |
| 12:01 | Crear | Villager (Male) |
| 12:08 | Crear | Villager (Male) |
| 12:39 | Construir | Town Center |
| 12:42 | Crear | Villager (Male) |
| 12:43 | Crear | Villager (Male) |
| 12:43 | Crear | Villager (Male) |
| 12:48 | Construir | Farm |
| 12:51 | Construir | Farm |
| 12:53 | Crear | Villager (Male) |
| 13:01 | Construir | Farm |
| 13:18 | Investigar | Loom |
| 13:21 | Crear | Villager (Male) |
| 13:23 | Construir | Farm |
| 13:26 | Construir | Farm |
| 13:31 | Construir | Farm |
| 13:40 | Crear | Villager (Male) |
| 13:50 | Construir | Palisade Wall |
| 13:52 | Construir | Palisade Wall |
| 13:55 | Construir | Palisade Wall |
| 14:01 | Crear | Villager (Male) |
| 14:01 | Crear | Villager (Male) |
| 14:06 | Construir | Farm |
| 14:09 | Crear | Villager (Male) |
| 14:22 | Construir | House |
| 14:23 | Crear | Villager (Male) |
| 14:33 | Crear | Villager (Male) |
| 14:36 | Construir | Farm |
| 14:39 | Construir | Farm |
| 14:47 | Crear | Villager (Male) |
| 14:47 | Crear | Villager (Male) |
| 14:53 | Crear | Villager (Male) |
| 14:53 | Crear | Villager (Male) |
| 14:56 | Construir | Farm |
| 15:00 | Construir | Farm |
| 15:06 | Construir | House |
| 15:08 | Crear | Villager (Male) |
| 15:11 | Construir | Farm |
| 15:12 | Construir | Farm |
| 15:15 | Crear | Villager (Male) |
| 15:19 | Construir | Farm |
| 15:21 | Crear | Villager (Male) |
| 15:25 | Construir | Farm |
| 15:40 | Crear | Villager (Male) |
| 15:46 | Crear | Villager (Male) |
| 15:49 | Construir | House |
| 15:58 | Investigar | Bow Saw |
| 15:58 | Investigar | Bow Saw |
| 16:05 | Crear | Villager (Male) |
| 16:07 | Crear | Villager (Male) |
| 16:10 | Crear | Villager (Male) |
| 16:24 | Crear | Villager (Male) |
| 16:31 | Construir | Farm |
| 16:32 | Construir | Farm |
| 16:35 | Construir | Farm |
| 16:36 | Crear | Villager (Male) |
| 16:37 | Crear | Villager (Male) |
| 16:39 | Crear | Villager (Male) |
| 16:43 | Construir | House |
| 16:46 | Crear | Villager (Male) |
| 16:54 | Crear | Villager (Male) |
| 16:59 | Construir | Town Center |
| 17:04 | Crear | Villager (Male) |
| 17:07 | Crear | Villager (Male) |
| 17:10 | Crear | Villager (Male) |
| 17:19 | Construir | Farm |
| 17:21 | Construir | House |
| 17:22 | Construir | House |
| 17:23 | Construir | House |
| 17:31 | Crear | Villager (Male) |
| 17:31 | Crear | Villager (Male) |
| 17:46 | Crear | Villager (Male) |
| 17:53 | Crear | Villager (Male) |
| 18:01 | Crear | Villager (Male) |
| 18:14 | Crear | Villager (Male) |
| 18:18 | Crear | Villager (Male) |
| 18:19 | Crear | Villager (Male) |
| 18:19 | Crear | Villager (Male) |
| 18:22 | Construir | Town Center |
| 18:24 | Crear | Villager (Male) |
| 18:31 | Investigar | Gold Mining |
| 18:40 | Investigar | Wheelbarrow |
| 18:44 | Investigar | Stone Mining |
| 18:45 | Crear | Villager (Male) |
| 18:49 | Construir | Farm |
| 18:50 | Crear | Villager (Male) |
| 18:54 | Construir | University |
| 19:01 | Construir | University |
| 19:08 | Crear | Villager (Male) |
| 19:09 | Crear | Villager (Male) |
| 19:09 | Crear | Villager (Male) |
| 19:09 | Crear | Villager (Male) |
| 19:10 | Construir | Farm |
| 19:13 | Construir | Farm |
| 19:17 | Construir | Farm |
| 19:18 | Construir | Farm |
| 19:20 | Crear | Villager (Male) |
| 19:23 | Construir | Farm |
| 19:25 | Construir | Farm |
| 19:38 | Construir | Farm |
| 19:38 | Crear | Villager (Male) |
| 19:40 | Construir | Farm |
| 19:43 | Crear | Villager (Male) |
| 19:44 | Crear | Villager (Male) |
| 19:48 | Construir | House |
| 19:50 | Construir | House |
Build order — Kevin10_7414
Primeras 150 de 845 acciones detectadas
| 0:03 | Crear | Villager (Male) |
| 0:03 | Crear | Villager (Male) |
| 0:03 | Crear | Villager (Male) |
| 0:03 | Crear | Villager (Male) |
| 0:06 | Construir | Lumber Camp |
| 0:16 | Construir | Mill |
| 1:20 | Crear | Villager (Male) |
| 1:20 | Crear | Villager (Male) |
| 1:34 | Crear | Villager (Male) |
| 1:34 | Crear | Villager (Male) |
| 1:34 | Crear | Villager (Male) |
| 1:39 | Crear | Villager (Male) |
| 1:39 | Crear | Villager (Male) |
| 1:59 | Crear | Villager (Male) |
| 1:59 | Crear | Villager (Male) |
| 2:24 | Crear | Villager (Male) |
| 2:24 | Crear | Villager (Male) |
| 2:25 | Crear | Villager (Male) |
| 2:25 | Crear | Villager (Male) |
| 3:08 | Crear | Villager (Male) |
| 3:08 | Crear | Villager (Male) |
| 3:16 | Crear | Villager (Male) |
| 3:16 | Crear | Villager (Male) |
| 3:16 | Crear | Villager (Male) |
| 3:28 | Crear | Villager (Male) |
| 3:28 | Crear | Villager (Male) |
| 3:39 | Crear | Villager (Male) |
| 3:39 | Crear | Villager (Male) |
| 3:48 | Construir | Farm |
| 3:50 | Construir | Farm |
| 3:51 | Construir | Farm |
| 3:52 | Construir | Farm |
| 3:53 | Construir | Farm |
| 3:57 | Crear | Villager (Male) |
| 3:57 | Crear | Villager (Male) |
| 4:04 | Crear | Villager (Male) |
| 4:04 | Crear | Villager (Male) |
| 4:25 | Crear | Villager (Male) |
| 4:25 | Crear | Villager (Male) |
| 4:35 | Construir | Farm |
| 4:49 | Construir | Farm |
| 5:37 | Construir | Mining Camp |
| 5:41 | Investigar | Feudal Age |
| 6:27 | Crear | Villager (Male) |
| 6:50 | Crear | Villager (Male) |
| 7:12 | Crear | Villager (Male) |
| 7:12 | Crear | Villager (Male) |
| 7:33 | Crear | Villager (Male) |
| 7:33 | Crear | Villager (Male) |
| 7:45 | Crear | Villager (Male) |
| 7:45 | Crear | Villager (Male) |
| 8:03 | Edad | Edad Feudal |
| 8:04 | Construir | Market |
| 8:06 | Construir | Blacksmith |
| 8:29 | Investigar | Horse Collar |
| 8:51 | Investigar | Castle Age |
| 8:51 | Investigar | Castle Age |
| 9:37 | Crear | Villager (Male) |
| 10:32 | Crear | Villager (Male) |
| 10:32 | Crear | Villager (Male) |
| 11:01 | Crear | Villager (Male) |
| 11:02 | Crear | Villager (Male) |
| 11:30 | Crear | Villager (Male) |
| 11:33 | Edad | Edad de los Castillos |
| 11:34 | Construir | Town Center |
| 11:35 | Investigar | Heavy Plow |
| 11:45 | Construir | Town Center |
| 12:09 | Investigar | Heavy Plow |
| 12:55 | Crear | Villager (Male) |
| 12:55 | Crear | Villager (Male) |
| 12:59 | Crear | Villager (Male) |
| 12:59 | Crear | Villager (Male) |
| 12:59 | Crear | Villager (Male) |
| 13:08 | Crear | Villager (Male) |
| 13:09 | Crear | Villager (Male) |
| 13:09 | Crear | Villager (Male) |
| 13:18 | Construir | Farm |
| 13:20 | Construir | Farm |
| 13:25 | Crear | Villager (Male) |
| 13:26 | Crear | Villager (Male) |
| 13:35 | Construir | Palisade Gate |
| 13:41 | Crear | Villager (Male) |
| 13:41 | Crear | Villager (Male) |
| 13:46 | Crear | Villager (Male) |
| 13:46 | Crear | Villager (Male) |
| 14:02 | Crear | Villager (Male) |
| 14:04 | Crear | Villager (Male) |
| 14:05 | Construir | Farm |
| 14:07 | Construir | Farm |
| 14:08 | Construir | Farm |
| 14:13 | Crear | Villager (Male) |
| 14:14 | Crear | Villager (Male) |
| 14:21 | Construir | Farm |
| 14:29 | Crear | Villager (Male) |
| 14:29 | Crear | Villager (Male) |
| 14:44 | Crear | Villager (Male) |
| 14:44 | Crear | Villager (Male) |
| 14:47 | Construir | Farm |
| 14:48 | Construir | Farm |
| 14:48 | Construir | Farm |
| 14:49 | Construir | Farm |
| 15:01 | Construir | Monastery |
| 15:12 | Crear | Villager (Male) |
| 15:12 | Crear | Villager (Male) |
| 15:12 | Crear | Villager (Male) |
| 15:28 | Construir | Town Center |
| 15:31 | Crear | Villager (Male) |
| 15:31 | Crear | Villager (Male) |
| 15:31 | Crear | Villager (Male) |
| 15:44 | Construir | Town Center |
| 15:49 | Construir | House |
| 15:54 | Construir | Lumber Camp |
| 15:57 | Crear | Monk |
| 16:02 | Crear | Villager (Male) |
| 16:02 | Crear | Villager (Male) |
| 16:06 | Construir | House |
| 16:06 | Construir | House |
| 16:16 | Construir | House |
| 16:17 | Construir | House |
| 16:22 | Construir | House |
| 16:22 | Construir | House |
| 16:25 | Construir | Farm |
| 16:25 | Construir | Farm |
| 16:29 | Crear | Villager (Male) |
| 16:29 | Crear | Villager (Male) |
| 16:33 | Investigar | Wheelbarrow |
| 16:38 | Construir | Farm |
| 16:39 | Construir | Farm |
| 16:39 | Construir | Farm |
| 16:53 | Crear | Monk |
| 16:56 | Crear | Villager (Male) |
| 16:57 | Crear | Villager (Male) |
| 16:57 | Crear | Villager (Male) |
| 16:57 | Crear | Villager (Male) |
| 17:00 | Construir | Farm |
| 17:01 | Construir | Farm |
| 17:01 | Construir | Farm |
| 17:07 | Crear | Villager (Male) |
| 17:07 | Crear | Villager (Male) |
| 17:15 | Crear | Villager (Male) |
| 17:26 | Crear | Villager (Male) |
| 17:26 | Crear | Villager (Male) |
| 17:30 | Crear | Villager (Male) |
| 17:41 | Construir | House |
| 17:42 | Construir | Stone Wall |
| 17:45 | Crear | Villager (Male) |
| 17:45 | Crear | Villager (Male) |
| 17:45 | Crear | Villager (Male) |
| 17:59 | Crear | Villager (Male) |
| 18:00 | Crear | Villager (Male) |
Build order — toyoruku
Primeras 150 de 594 acciones detectadas
| 0:01 | Crear | Villager (Male) |
| 0:02 | Crear | Villager (Male) |
| 0:06 | Construir | Mill |
| 0:19 | Construir | Lumber Camp |
| 0:35 | Crear | Villager (Male) |
| 1:02 | Crear | Villager (Male) |
| 1:45 | Crear | Villager (Male) |
| 1:48 | Investigar | Double-Bit Axe |
| 2:04 | Crear | Villager (Male) |
| 2:04 | Crear | Villager (Male) |
| 2:18 | Crear | Villager (Male) |
| 2:56 | Crear | Villager (Male) |
| 3:21 | Crear | Villager (Male) |
| 3:22 | Crear | Villager (Male) |
| 3:28 | Crear | Villager (Male) |
| 3:43 | Crear | Villager (Male) |
| 5:02 | Crear | Villager (Male) |
| 5:03 | Investigar | Horse Collar |
| 5:09 | Construir | Farm |
| 5:14 | Construir | Farm |
| 5:20 | Crear | Villager (Male) |
| 5:33 | Construir | Farm |
| 5:56 | Crear | Villager (Male) |
| 6:06 | Construir | Farm |
| 6:17 | Construir | Mining Camp |
| 6:20 | Investigar | Feudal Age |
| 7:13 | Crear | Villager (Male) |
| 7:14 | Crear | Villager (Male) |
| 8:31 | Edad | Edad Feudal |
| 8:34 | Construir | Blacksmith |
| 8:36 | Construir | Market |
| 9:09 | Investigar | Bow Saw |
| 9:09 | Investigar | Bow Saw |
| 9:23 | Investigar | Castle Age |
| 9:29 | Investigar | Heavy Plow |
| 9:29 | Investigar | Heavy Plow |
| 10:50 | Crear | Villager (Male) |
| 12:03 | Edad | Edad de los Castillos |
| 12:05 | Construir | Town Center |
| 12:08 | Construir | Town Center |
| 12:15 | Crear | Villager (Male) |
| 12:18 | Construir | Monastery |
| 12:21 | Construir | House |
| 12:22 | Construir | House |
| 12:37 | Crear | Villager (Male) |
| 12:49 | Investigar | Wheelbarrow |
| 13:17 | Construir | Farm |
| 13:20 | Construir | Farm |
| 13:42 | Crear | Villager (Male) |
| 13:43 | Crear | Villager (Male) |
| 13:46 | Crear | Villager (Male) |
| 13:46 | Crear | Villager (Male) |
| 13:47 | Crear | Villager (Male) |
| 13:50 | Crear | Monk |
| 14:19 | Construir | Town Center |
| 14:25 | Crear | Villager (Male) |
| 14:25 | Crear | Villager (Male) |
| 14:26 | Crear | Villager (Male) |
| 14:36 | Construir | Farm |
| 14:39 | Construir | Farm |
| 14:46 | Crear | Villager (Male) |
| 14:47 | Crear | Villager (Male) |
| 14:47 | Crear | Villager (Male) |
| 14:52 | Construir | Farm |
| 15:04 | Crear | Villager (Male) |
| 15:04 | Crear | Villager (Male) |
| 15:04 | Crear | Villager (Male) |
| 15:08 | Construir | Farm |
| 15:11 | Construir | Farm |
| 15:16 | Construir | Farm |
| 15:33 | Crear | Monk |
| 15:34 | Crear | Villager (Male) |
| 15:34 | Crear | Villager (Male) |
| 15:35 | Crear | Villager (Male) |
| 15:50 | Construir | Lumber Camp |
| 15:54 | Construir | Farm |
| 15:55 | Construir | Farm |
| 15:56 | Crear | Villager (Male) |
| 15:56 | Crear | Villager (Male) |
| 15:56 | Crear | Villager (Male) |
| 15:59 | Crear | Villager (Male) |
| 16:01 | Construir | Farm |
| 16:03 | Construir | Farm |
| 16:07 | Crear | Villager (Male) |
| 16:18 | Construir | Farm |
| 16:24 | Crear | Villager (Male) |
| 16:24 | Crear | Villager (Male) |
| 16:24 | Crear | Villager (Male) |
| 16:35 | Crear | Villager (Male) |
| 16:38 | Construir | Farm |
| 16:38 | Construir | Farm |
| 16:38 | Construir | Farm |
| 16:44 | Construir | Farm |
| 16:47 | Crear | Villager (Male) |
| 16:47 | Crear | Villager (Male) |
| 16:47 | Crear | Villager (Male) |
| 17:02 | Construir | Mining Camp |
| 17:04 | Crear | Villager (Male) |
| 17:06 | Construir | Farm |
| 17:08 | Construir | Farm |
| 17:11 | Construir | Farm |
| 17:12 | Construir | Farm |
| 17:12 | Construir | Farm |
| 17:12 | Construir | Farm |
| 17:15 | Crear | Villager (Male) |
| 17:15 | Crear | Villager (Male) |
| 17:25 | Crear | Villager (Male) |
| 17:25 | Crear | Villager (Male) |
| 17:31 | Crear | Villager (Male) |
| 17:41 | Crear | Villager (Male) |
| 17:47 | Construir | Farm |
| 17:47 | Construir | Farm |
| 17:48 | Construir | Farm |
| 17:53 | Construir | Farm |
| 17:55 | Crear | Villager (Male) |
| 17:55 | Crear | Villager (Male) |
| 17:55 | Crear | Villager (Male) |
| 18:00 | Construir | Farm |
| 18:05 | Construir | Mining Camp |
| 18:07 | Construir | Farm |
| 18:10 | Construir | Farm |
| 18:13 | Crear | Villager (Male) |
| 18:14 | Crear | Villager (Male) |
| 18:14 | Crear | Villager (Male) |
| 18:14 | Crear | Villager (Male) |
| 18:25 | Crear | Villager (Male) |
| 18:26 | Crear | Villager (Male) |
| 18:26 | Crear | Villager (Male) |
| 18:26 | Crear | Villager (Male) |
| 18:36 | Construir | Farm |
| 18:37 | Construir | Farm |
| 18:39 | Crear | Villager (Male) |
| 18:39 | Crear | Villager (Male) |
| 18:44 | Construir | Farm |
| 18:46 | Construir | Farm |
| 18:54 | Construir | House |
| 18:55 | Construir | House |
| 19:00 | Construir | House |
| 19:01 | Construir | House |
| 19:06 | Investigar | Hand Cart |
| 19:12 | Investigar | Town Watch |
| 19:15 | Investigar | Stone Mining |
| 19:17 | Investigar | Gold Mining |
| 19:23 | Crear | Villager (Male) |
| 19:23 | Crear | Villager (Male) |
| 19:24 | Crear | Villager (Male) |
| 19:46 | Crear | Villager (Male) |
| 19:47 | Crear | Villager (Male) |
| 19:47 | Crear | Villager (Male) |
| 19:57 | Construir | Farm |
Build order — sci621
Primeras 150 de 608 acciones detectadas
| 0:01 | Crear | Villager (Male) |
| 0:01 | Crear | Villager (Male) |
| 0:07 | Construir | Mill |
| 0:11 | Crear | Villager (Male) |
| 0:14 | Construir | Lumber Camp |
| 0:23 | Crear | Villager (Male) |
| 1:01 | Crear | Villager (Male) |
| 1:19 | Crear | Villager (Male) |
| 1:19 | Crear | Villager (Male) |
| 2:15 | Crear | Villager (Male) |
| 2:17 | Crear | Villager (Male) |
| 2:33 | Crear | Villager (Male) |
| 2:44 | Crear | Villager (Male) |
| 3:26 | Crear | Villager (Male) |
| 4:24 | Construir | Farm |
| 4:35 | Construir | Farm |
| 4:37 | Crear | Villager (Male) |
| 4:59 | Crear | Villager (Male) |
| 5:15 | Investigar | Feudal Age |
| 5:27 | Construir | Mining Camp |
| 6:20 | Construir | Farm |
| 7:11 | Crear | Villager (Male) |
| 7:11 | Crear | Villager (Male) |
| 7:37 | Edad | Edad Feudal |
| 7:39 | Crear | Villager (Male) |
| 7:48 | Construir | Market |
| 8:07 | Crear | Villager (Male) |
| 8:37 | Construir | Blacksmith |
| 9:12 | Construir | Lumber Camp |
| 9:13 | Investigar | Castle Age |
| 9:46 | Investigar | Horse Collar |
| 10:06 | Construir | Farm |
| 10:18 | Construir | Farm |
| 10:20 | Construir | Farm |
| 10:49 | Construir | Farm |
| 11:37 | Crear | Villager (Male) |
| 11:41 | Crear | Villager (Male) |
| 11:57 | Edad | Edad de los Castillos |
| 11:59 | Construir | Town Center |
| 12:02 | Construir | Town Center |
| 12:12 | Investigar | Double-Bit Axe |
| 12:27 | Crear | Villager (Male) |
| 12:44 | Construir | Farm |
| 13:03 | Crear | Villager (Male) |
| 13:07 | Crear | Villager (Male) |
| 13:07 | Crear | Villager (Male) |
| 13:07 | Crear | Villager (Male) |
| 13:08 | Crear | Villager (Male) |
| 13:10 | Investigar | Bow Saw |
| 13:18 | Crear | Villager (Male) |
| 13:19 | Crear | Villager (Male) |
| 13:31 | Construir | Farm |
| 13:35 | Construir | Farm |
| 13:39 | Crear | Villager (Male) |
| 13:43 | Construir | Farm |
| 13:45 | Crear | Villager (Male) |
| 13:47 | Crear | Villager (Male) |
| 13:53 | Construir | Farm |
| 14:05 | Crear | Villager (Male) |
| 14:06 | Construir | Farm |
| 14:11 | Crear | Villager (Male) |
| 14:19 | Construir | Farm |
| 14:31 | Construir | Farm |
| 14:33 | Crear | Villager (Male) |
| 14:37 | Construir | Farm |
| 14:40 | Crear | Villager (Male) |
| 14:52 | Crear | Villager (Male) |
| 14:55 | Construir | Farm |
| 15:01 | Crear | Villager (Male) |
| 15:06 | Construir | Town Center |
| 15:11 | Crear | Villager (Male) |
| 15:11 | Crear | Villager (Male) |
| 15:16 | Construir | Farm |
| 15:29 | Crear | Villager (Male) |
| 15:30 | Construir | Farm |
| 15:31 | Crear | Villager (Male) |
| 15:37 | Construir | Farm |
| 15:42 | Crear | Villager (Male) |
| 15:47 | Construir | Farm |
| 15:52 | Crear | Villager (Male) |
| 15:53 | Crear | Villager (Male) |
| 15:55 | Construir | Farm |
| 15:59 | Crear | Villager (Male) |
| 16:01 | Construir | Farm |
| 16:06 | Construir | Farm |
| 16:18 | Crear | Villager (Male) |
| 16:18 | Crear | Villager (Male) |
| 16:23 | Construir | Farm |
| 16:25 | Crear | Villager (Male) |
| 16:27 | Construir | Farm |
| 16:30 | Crear | Villager (Male) |
| 16:32 | Construir | Farm |
| 16:38 | Crear | Villager (Male) |
| 16:39 | Crear | Villager (Male) |
| 16:47 | Crear | Villager (Male) |
| 16:51 | Construir | Farm |
| 16:53 | Crear | Villager (Male) |
| 16:58 | Construir | Farm |
| 17:05 | Crear | Villager (Male) |
| 17:12 | Construir | Farm |
| 17:13 | Crear | Villager (Male) |
| 17:13 | Crear | Villager (Male) |
| 17:21 | Construir | Farm |
| 17:22 | Crear | Villager (Male) |
| 17:22 | Crear | Villager (Male) |
| 17:23 | Crear | Villager (Male) |
| 17:31 | Construir | Farm |
| 17:32 | Construir | Farm |
| 17:33 | Crear | Villager (Male) |
| 17:34 | Crear | Villager (Male) |
| 17:41 | Construir | House |
| 17:46 | Investigar | Wheelbarrow |
| 17:46 | Investigar | Wheelbarrow |
| 17:47 | Crear | Villager (Male) |
| 17:50 | Construir | House |
| 17:54 | Construir | Farm |
| 17:55 | Crear | Villager (Male) |
| 17:55 | Crear | Villager (Male) |
| 18:03 | Construir | House |
| 18:05 | Crear | Villager (Male) |
| 18:13 | Crear | Villager (Male) |
| 18:15 | Construir | House |
| 18:18 | Construir | Lumber Camp |
| 18:24 | Crear | Villager (Male) |
| 18:28 | Construir | House |
| 18:31 | Crear | Villager (Male) |
| 18:34 | Construir | Farm |
| 18:43 | Investigar | Gold Mining |
| 18:47 | Construir | House |
| 18:48 | Construir | House |
| 18:50 | Crear | Villager (Male) |
| 18:54 | Crear | Villager (Male) |
| 18:58 | Construir | Farm |
| 18:59 | Crear | Villager (Male) |
| 19:08 | Crear | Villager (Male) |
| 19:08 | Crear | Villager (Male) |
| 19:08 | Crear | Villager (Male) |
| 19:12 | Crear | Villager (Male) |
| 19:22 | Construir | Outpost |
| 19:27 | Crear | Villager (Male) |
| 19:28 | Construir | Farm |
| 19:30 | Construir | Lumber Camp |
| 19:34 | Crear | Villager (Male) |
| 19:36 | Construir | Farm |
| 19:38 | Crear | Villager (Male) |
| 19:45 | Crear | Villager (Male) |
| 20:03 | Construir | Outpost |
| 20:06 | Crear | Villager (Male) |
| 20:09 | Construir | Farm |
| 20:15 | Construir | Farm |
Build order — Eddie29_1314
Primeras 150 de 569 acciones detectadas
| 0:01 | Crear | Villager (Male) |
| 0:01 | Crear | Villager (Male) |
| 0:08 | Construir | Lumber Camp |
| 0:14 | Crear | Villager (Male) |
| 0:14 | Crear | Villager (Male) |
| 0:20 | Construir | Mill |
| 1:38 | Crear | Villager (Male) |
| 1:38 | Crear | Villager (Male) |
| 2:01 | Crear | Villager (Male) |
| 2:35 | Crear | Villager (Male) |
| 3:09 | Crear | Villager (Male) |
| 3:10 | Crear | Villager (Male) |
| 3:10 | Crear | Villager (Male) |
| 3:33 | Construir | Farm |
| 3:49 | Crear | Villager (Male) |
| 4:11 | Construir | Farm |
| 4:16 | Construir | Farm |
| 4:23 | Crear | Villager (Male) |
| 4:41 | Construir | Farm |
| 4:45 | Construir | Farm |
| 5:02 | Investigar | Feudal Age |
| 5:31 | Construir | Mining Camp |
| 5:57 | Construir | Farm |
| 6:20 | Crear | Villager (Male) |
| 6:21 | Crear | Villager (Male) |
| 7:36 | Edad | Edad Feudal |
| 7:40 | Construir | Blacksmith |
| 7:45 | Construir | Market |
| 8:39 | Investigar | Castle Age |
| 8:40 | Investigar | Castle Age |
| 9:12 | Investigar | Horse Collar |
| 9:36 | Crear | Villager (Male) |
| 9:39 | Investigar | Loom |
| 9:50 | Crear | Villager (Male) |
| 10:45 | Crear | Villager (Male) |
| 11:19 | Edad | Edad de los Castillos |
| 11:23 | Investigar | Double-Bit Axe |
| 11:45 | Construir | Town Center |
| 11:55 | Crear | Villager (Male) |
| 11:56 | Investigar | Bow Saw |
| 12:12 | Crear | Villager (Male) |
| 12:38 | Crear | Villager (Male) |
| 12:53 | Crear | Villager (Male) |
| 13:04 | Construir | Farm |
| 13:06 | Crear | Villager (Male) |
| 13:19 | Crear | Villager (Male) |
| 13:20 | Crear | Villager (Male) |
| 13:20 | Crear | Villager (Male) |
| 13:49 | Construir | Town Center |
| 13:57 | Crear | Villager (Male) |
| 13:58 | Crear | Villager (Male) |
| 13:58 | Crear | Villager (Male) |
| 14:09 | Construir | Farm |
| 14:28 | Construir | Farm |
| 14:29 | Construir | Farm |
| 14:34 | Crear | Villager (Male) |
| 14:34 | Crear | Villager (Male) |
| 14:35 | Crear | Villager (Male) |
| 14:35 | Crear | Villager (Male) |
| 14:42 | Construir | Farm |
| 14:43 | Construir | Farm |
| 14:44 | Construir | Farm |
| 14:52 | Crear | Villager (Male) |
| 14:52 | Crear | Villager (Male) |
| 15:03 | Construir | Outpost |
| 15:06 | Construir | Outpost |
| 15:11 | Crear | Villager (Male) |
| 15:11 | Crear | Villager (Male) |
| 15:11 | Crear | Villager (Male) |
| 15:22 | Construir | Farm |
| 15:23 | Construir | Farm |
| 15:33 | Crear | Villager (Male) |
| 15:42 | Crear | Villager (Male) |
| 15:46 | Crear | Villager (Male) |
| 15:46 | Crear | Villager (Male) |
| 15:47 | Crear | Villager (Male) |
| 15:50 | Construir | Farm |
| 16:06 | Crear | Villager (Male) |
| 16:13 | Construir | Outpost |
| 16:15 | Crear | Villager (Male) |
| 16:33 | Crear | Villager (Male) |
| 16:40 | Crear | Villager (Male) |
| 16:40 | Crear | Villager (Male) |
| 16:41 | Crear | Villager (Male) |
| 16:44 | Construir | Farm |
| 16:45 | Construir | Farm |
| 16:48 | Crear | Villager (Male) |
| 16:48 | Crear | Villager (Male) |
| 17:07 | Construir | Outpost |
| 17:23 | Crear | Villager (Male) |
| 17:23 | Crear | Villager (Male) |
| 17:31 | Construir | Town Center |
| 17:33 | Construir | House |
| 17:34 | Construir | House |
| 17:35 | Construir | House |
| 17:35 | Construir | House |
| 17:36 | Construir | House |
| 17:43 | Investigar | Wheelbarrow |
| 17:44 | Crear | Villager (Male) |
| 17:49 | Construir | Lumber Camp |
| 17:54 | Construir | Stone Wall |
| 18:03 | Construir | House |
| 18:06 | Crear | Villager (Male) |
| 18:06 | Crear | Villager (Male) |
| 18:07 | Crear | Villager (Male) |
| 18:12 | Construir | Monastery |
| 18:23 | Construir | Farm |
| 18:25 | Crear | Villager (Male) |
| 18:33 | Construir | Farm |
| 18:34 | Construir | Farm |
| 18:38 | Crear | Villager (Male) |
| 18:39 | Crear | Villager (Male) |
| 18:39 | Crear | Villager (Male) |
| 18:44 | Construir | House |
| 18:52 | Crear | Villager (Male) |
| 18:57 | Construir | Farm |
| 18:58 | Construir | Farm |
| 19:00 | Construir | Lumber Camp |
| 19:04 | Crear | Villager (Male) |
| 19:16 | Crear | Hussite Wagon |
| 19:18 | Crear | Villager (Male) |
| 19:18 | Crear | Villager (Male) |
| 19:19 | Crear | Villager (Male) |
| 19:23 | Investigar | Fervor |
| 19:23 | Investigar | Fervor |
| 19:34 | Crear | Hussite Wagon |
| 19:36 | Crear | Villager (Male) |
| 19:36 | Crear | Villager (Male) |
| 19:41 | Construir | Farm |
| 19:47 | Crear | Villager (Male) |
| 19:47 | Crear | Villager (Male) |
| 19:47 | Crear | Villager (Male) |
| 19:55 | Construir | Stone Wall |
| 19:57 | Construir | Stone Wall |
| 19:59 | Crear | Villager (Male) |
| 19:59 | Crear | Villager (Male) |
| 20:02 | Construir | Stone Wall |
| 20:06 | Crear | Hussite Wagon |
| 20:11 | Construir | Farm |
| 20:16 | Crear | Villager (Male) |
| 20:16 | Crear | Villager (Male) |
| 20:16 | Crear | Villager (Male) |
| 20:22 | Construir | Lumber Camp |
| 20:30 | Construir | Gate |
| 20:34 | Construir | Farm |
| 20:36 | Crear | Villager (Male) |
| 20:36 | Crear | Villager (Male) |
| 20:36 | Crear | Villager (Male) |
| 20:37 | Crear | Villager (Male) |
| 20:39 | Crear | Monk |
Cronología de la partida
| 6:46 | Rito · age_up feudal |
| 6:46 | hanson013 · age_up feudal |
| 6:49 | Rito · first_building Stable |
| 7:11 | 機會同學 · age_up feudal |
| 7:36 | Eddie29_1314 · age_up feudal |
| 7:36 | happikon.6139 · age_up feudal |
| 7:37 | sci621 · age_up feudal |
| 8:03 | Kevin10_7414 · age_up feudal |
| 8:31 | toyoruku · age_up feudal |
| 10:18 | hanson013 · age_up castle |
| 10:33 | Rito · age_up castle |
| 10:58 | 機會同學 · age_up castle |
| 11:08 | hanson013 · first_market_buy 100 food |
| 11:10 | happikon.6139 · age_up castle |
| 11:19 | Eddie29_1314 · age_up castle |
| 11:33 | Kevin10_7414 · age_up castle |
| 11:57 | sci621 · age_up castle |
| 12:03 | toyoruku · age_up castle |
| 12:18 | toyoruku · first_building Monastery |
| 12:35 | toyoruku · first_market_buy 100 stone |
| 13:50 | Rito · wall_segment Palisade Wall x1 |
| 13:52 | Rito · wall_segment Palisade Wall x1 |
| 13:55 | Rito · wall_segment Palisade Wall x1 |
| 14:01 | happikon.6139 · first_building Monastery |
| 14:48 | 機會同學 · first_market_buy 100 food |
| 15:01 | Kevin10_7414 · first_building Monastery |
| 15:25 | Kevin10_7414 · first_market_buy 100 wood |
| 16:03 | happikon.6139 · first_building Archery Range |
| 16:22 | 機會同學 · first_building Monastery |
| 17:42 | Kevin10_7414 · wall_segment Stone Wall x1 |
| 17:54 | Eddie29_1314 · wall_segment Stone Wall x5 |
| 18:12 | Eddie29_1314 · first_building Monastery |
| 19:55 | Eddie29_1314 · wall_segment Stone Wall x8 |
| 19:57 | Eddie29_1314 · wall_segment Stone Wall x6 |
| 20:02 | Eddie29_1314 · wall_segment Stone Wall x2 |
| 20:18 | 機會同學 · first_building Siege Workshop |
| 20:18 | happikon.6139 · wall_segment Palisade Wall x1 |
| 20:56 | toyoruku · wall_segment Stone Wall x20 |
| 21:06 | sci621 · first_building Siege Workshop |
| 21:24 | 機會同學 · first_market_sell 500 wood |
| 22:02 | Eddie29_1314 · wall_segment Stone Wall x18 |
| 22:03 | Kevin10_7414 · first_building Castle |
| 22:20 | toyoruku · first_building Stable |
| 22:25 | Eddie29_1314 · first_market_buy 100 food |
| 22:49 | Rito · first_market_sell 100 food |
| 22:51 | happikon.6139 · age_up imperial |
| 22:53 | toyoruku · wall_segment Stone Wall x1 |
| 22:56 | happikon.6139 · first_market_sell 100 food |
| 22:56 | happikon.6139 · first_market_buy 100 wood |
| 22:57 | toyoruku · wall_segment Stone Wall x13 |
| 23:02 | Eddie29_1314 · first_market_sell 100 wood |
| 23:08 | toyoruku · wall_segment Stone Wall x14 |
| 23:23 | Eddie29_1314 · wall_segment Stone Wall x1 |
| 23:27 | toyoruku · first_building Castle |
| 23:33 | Rito · first_building Castle |
| 23:40 | Rito · first_building Barracks |
| 23:46 | hanson013 · first_building Castle |
| 23:47 | Kevin10_7414 · first_building Stable |
| 23:48 | Kevin10_7414 · first_building Archery Range |
| 24:04 | Eddie29_1314 · wall_segment Stone Wall x21 |
| 24:08 | hanson013 · age_up imperial |
| 24:18 | Eddie29_1314 · first_building Castle |
| 24:23 | sci621 · age_up imperial |
| 24:45 | toyoruku · age_up imperial |
| 24:47 | 機會同學 · age_up imperial |
| 25:07 | happikon.6139 · wall_segment Stone Wall x16 |
| 25:08 | happikon.6139 · wall_segment Stone Wall x1 |
| 25:08 | happikon.6139 · wall_segment Stone Wall x1 |
| 25:12 | Eddie29_1314 · wall_segment Stone Wall x4 |
| 25:16 | Eddie29_1314 · wall_segment Stone Wall x8 |
| 25:24 | Rito · wall_segment Stone Wall x2 |
| 25:26 | Eddie29_1314 · first_building Siege Workshop |
| 25:27 | Rito · wall_segment Stone Wall x29 |
| 26:00 | Rito · age_up imperial |
| 26:04 | happikon.6139 · wall_segment Stone Wall x4 |
| 26:08 | Eddie29_1314 · wall_segment Stone Wall x14 |
| 26:34 | 機會同學 · first_building Castle |
| 26:50 | Kevin10_7414 · age_up imperial |
| 26:52 | Eddie29_1314 · wall_segment Stone Wall x7 |
| 26:56 | toyoruku · wall_segment Stone Wall x11 |
| 27:01 | Kevin10_7414 · first_market_sell 500 food |
| 27:02 | Eddie29_1314 · age_up imperial |
| 27:40 | Eddie29_1314 · wall_segment Stone Wall x2 |
| 27:44 | hanson013 · first_building Barracks |
| 27:53 | hanson013 · first_market_sell 100 food |
| 27:59 | Eddie29_1314 · wall_segment Stone Wall x7 |
| 28:08 | Eddie29_1314 · wall_segment Stone Wall x2 |
| 28:47 | sci621 · first_building Castle |
| 29:03 | happikon.6139 · wall_segment Stone Wall x6 |
| 29:58 | hanson013 · first_building Stable |
| 30:04 | Rito · tribute_sent a jugador 1 |
| 30:04 | Rito · tribute_sent a jugador 2 |
| 30:04 | Rito · tribute_sent a jugador 4 |
| 30:04 | Rito · tribute_sent a jugador 5 |
| 30:04 | Rito · tribute_sent a jugador 6 |
| 30:04 | Rito · tribute_sent a jugador 7 |
| 30:04 | Rito · tribute_sent a jugador 8 |
| 30:05 | Eddie29_1314 · wall_segment Stone Wall x3 |
| 30:33 | Rito · first_building Siege Workshop |
| 30:57 | 機會同學 · wall_segment Stone Wall x20 |
| 30:58 | 機會同學 · wall_segment Stone Wall x1 |
| 31:51 | sci621 · first_market_sell 100 food |
| 31:52 | sci621 · first_market_buy 100 wood |
| 32:04 | happikon.6139 · first_building Siege Workshop |
| 32:39 | Eddie29_1314 · wall_segment Stone Wall x7 |
| 33:30 | toyoruku · first_market_sell 500 wood |
| 34:08 | happikon.6139 · first_building Barracks |
| 35:44 | hanson013 · tribute_sent a jugador 1 |
| 35:44 | hanson013 · tribute_sent a jugador 3 |
| 35:44 | hanson013 · tribute_sent a jugador 4 |
| 35:44 | hanson013 · tribute_sent a jugador 5 |
| 35:45 | hanson013 · tribute_sent a jugador 6 |
| 35:45 | hanson013 · tribute_sent a jugador 7 |
| 35:45 | hanson013 · tribute_sent a jugador 8 |
| 35:46 | Rito · first_market_buy 100 wood |
| 36:25 | toyoruku · first_building Archery Range |
| 36:47 | Eddie29_1314 · wall_segment Stone Wall x8 |
| 36:54 | hanson013 · first_building Archery Range |
| 37:44 | sci621 · first_building Archery Range |
| 38:21 | Kevin10_7414 · tribute_sent a jugador 1 |
| 38:21 | Kevin10_7414 · tribute_sent a jugador 2 |
| 38:21 | Kevin10_7414 · tribute_sent a jugador 3 |
| 38:21 | Kevin10_7414 · tribute_sent a jugador 5 |
| 38:21 | Kevin10_7414 · tribute_sent a jugador 6 |
| 38:21 | Kevin10_7414 · tribute_sent a jugador 7 |
| 38:21 | Kevin10_7414 · tribute_sent a jugador 8 |
| 40:21 | Kevin10_7414 · tribute_sent a jugador 1 |
| 40:21 | Kevin10_7414 · tribute_sent a jugador 2 |
| 40:21 | Kevin10_7414 · tribute_sent a jugador 3 |
| 40:21 | Kevin10_7414 · tribute_sent a jugador 5 |
| 40:21 | Kevin10_7414 · tribute_sent a jugador 6 |
| 40:21 | Kevin10_7414 · tribute_sent a jugador 7 |
| 40:21 | Kevin10_7414 · tribute_sent a jugador 8 |
| 41:31 | hanson013 · tribute_sent a jugador 1 |
| 41:31 | hanson013 · tribute_sent a jugador 3 |
| 41:31 | hanson013 · tribute_sent a jugador 4 |
| 41:31 | hanson013 · tribute_sent a jugador 5 |
| 41:31 | hanson013 · tribute_sent a jugador 6 |
| 41:31 | hanson013 · tribute_sent a jugador 7 |
| 41:31 | hanson013 · tribute_sent a jugador 8 |
| 43:34 | toyoruku · wall_segment Stone Wall x1 |
| 43:36 | toyoruku · wall_segment Stone Wall x1 |
| 44:15 | happikon.6139 · wall_segment Stone Wall x20 |
| 44:21 | happikon.6139 · wall_segment Stone Wall x4 |
| 44:37 | sci621 · wall_segment Stone Wall x14 |
| 44:39 | sci621 · wall_segment Stone Wall x9 |
| 44:59 | Kevin10_7414 · wall_segment Stone Wall x16 |
| 45:07 | Kevin10_7414 · tribute_sent a jugador 1 |
| 45:07 | Kevin10_7414 · tribute_sent a jugador 2 |
| 45:07 | Kevin10_7414 · tribute_sent a jugador 3 |
| 45:07 | Kevin10_7414 · tribute_sent a jugador 5 |
| 45:07 | Kevin10_7414 · tribute_sent a jugador 6 |
| 45:07 | Kevin10_7414 · tribute_sent a jugador 7 |
| 45:07 | Kevin10_7414 · tribute_sent a jugador 8 |
| 46:10 | 機會同學 · resign |
| 47:30 | Kevin10_7414 · tribute_sent a jugador 1 |
| 47:30 | Kevin10_7414 · tribute_sent a jugador 2 |
| 47:30 | Kevin10_7414 · tribute_sent a jugador 3 |
| 47:30 | Kevin10_7414 · tribute_sent a jugador 5 |
| 47:30 | Kevin10_7414 · tribute_sent a jugador 6 |
| 47:30 | Kevin10_7414 · tribute_sent a jugador 7 |
| 47:30 | Kevin10_7414 · tribute_sent a jugador 8 |
| 47:41 | sci621 · first_building Monastery |
| 48:02 | happikon.6139 · first_building Castle |
| 48:44 | hanson013 · wall_segment Stone Wall x22 |
| 48:55 | Eddie29_1314 · wall_segment Stone Wall x11 |
| 49:22 | happikon.6139 · tribute_sent a jugador 2 |
| 49:22 | happikon.6139 · tribute_sent a jugador 3 |
| 49:22 | happikon.6139 · tribute_sent a jugador 4 |
| 49:22 | happikon.6139 · tribute_sent a jugador 5 |
| 49:22 | happikon.6139 · tribute_sent a jugador 6 |
| 49:22 | happikon.6139 · tribute_sent a jugador 7 |
| 49:22 | happikon.6139 · tribute_sent a jugador 8 |
| 49:51 | hanson013 · wall_segment Stone Wall x10 |
| 51:01 | happikon.6139 · tribute_sent a jugador 2 |
| 51:01 | happikon.6139 · tribute_sent a jugador 3 |
| 51:01 | happikon.6139 · tribute_sent a jugador 4 |
| 51:01 | happikon.6139 · tribute_sent a jugador 5 |
| 51:01 | happikon.6139 · tribute_sent a jugador 6 |
| 51:01 | happikon.6139 · tribute_sent a jugador 7 |
| 51:01 | happikon.6139 · tribute_sent a jugador 8 |
| 52:21 | hanson013 · wall_segment Stone Wall x12 |
[ ANÁLISIS IA · 1 CRÉDITO ]
¿Qué pasó realmente en esta partida?
Wolo.gg analiza cada decisión: build order, eco, micro, errores típicos por bracket. Análisis personalizado por WhatsApp o Discord en 30 segundos.
Guía civ
Romanos
Perfil
Jugador #1692722